 Dungeon Crawl Stone Soup version 0.32-a0-433-g08bcfe7efd (webtiles) character file.

Game seed: 12212039373086439613

14595 Sabo the Cleaver (level 11, -3/101 HPs)
             Began as a Minotaur Monk on Feb 22, 2024.
             Was a Believer of Ashenzari.
             Slain by a two-headed ogre
             ... wielding a +0 giant spiked club
              (9 damage)
             ... on level 11 of the Dungeon on Feb 23, 2024.
             The game lasted 01:00:27 (10850 turns).

Sabo the Cleaver (Minotaur Monk)                   Turns: 10850, Time: 01:00:27

Health: -3/101     AC: 19    Str: 26    XL:     11   Next: 90%
Magic:  10/10      EV: 11    Int:  7    God:    Ashenzari [**....]
Gold:   814        SH:  0    Dex: 13    Spells: 10/10 levels left

rFire   . . .        m - +2 hand axe (freeze)
rCold   + . .        d - orb "Gaze Upon Infinity" {light, Melee, Fort} (curse)
rNeg    . . .        G - +0 plate armour
rPois   .            (helmet restricted)
rElec   .            L - scarf {repulsion}
rCorr   .            (no gloves)
SInv    +            e - +2 pair of boots of Apeoromancy {Sorc, Range} (curse)
Will    .....        (no amulet) Stlth
                     B - ring of protection from cold
HPRegen 0.36/turn    g - ring of Ashenzari's Jealousy {Str+6, Melee, Fort} (curse)
MPRegen 0.12/turn

%: repel missiles
@: glowing, studying Fire Magic
A: horns 2, retaliatory headbutt
a: Renounce Religion, Curse Item, Shatter the Chains


You were on level 11 of the Dungeon.
You worshipped Ashenzari.
Ashenzari was pleased with you.
You visited 2 branches of the dungeon, and saw 12 of its levels.
You also visited: Ossuary.

You collected 814 gold pieces.

Inventory:

Hand Weapons
 m - a +2 hand axe of freezing (weapon)
 A - a +4 sling
 C - a +4 spear of venom
 D - a +1 hand axe of electrocution
 E - a +2 hand axe of draining
 F - a +0 broad axe
 M - a +3 dire flail
 N - a +0 lajatang
Missiles
 o - 15 poisoned darts (quivered)
 z - 18 boomerangs
Armour
 d - the cursed orb "Gaze Upon Infinity" (worn) {light, Melee, Fort}

   It has a curse which improves the following skills: Melee Combat: Short
   Blades, Long Blades, Axes, Maces & Flails, Polearms, Staves and Unarmed
   Combat.
   Fortitude: Armour and Shields.
 e - the cursed +2 pair of boots of Apeoromancy (worn) {Sorc, Range}
   (You found it on level 1 of the Dungeon)

   It has a curse which improves the following skills: Sorcery: Conjurations and
   Alchemy.
   Ranged Combat: Ranged Weapons and Throwing.
 G - a +0 plate armour (worn)
 L - a scarf of repulsion (worn)
Jewellery
 g - the cursed ring of Ashenzari's Jealousy (right hand) {Str+6, Melee, Fort}
   (You found it on level 6 of the Dungeon)

   [ring of strength]

   Str+6:     It affects your strength (+6).
   It has a curse which improves the following skills: Melee Combat: Short
   Blades, Long Blades, Axes, Maces & Flails, Polearms, Staves and Unarmed
   Combat.
   Fortitude: Armour and Shields.
 h - a ring of resist corrosion
 B - a ring of protection from cold (left hand)
 I - a ring of poison resistance
Talismans
 x - a maw talisman
Wands
 a - a wand of iceblast (13)
 H - a wand of digging (7)
Scrolls
 f - a scroll of silence
 j - 2 scrolls of enchant armour
 l - 4 scrolls of blinking
 n - a scroll of butterflies
 q - 2 scrolls of fear
 r - 5 scrolls of revelation
 v - 2 scrolls of poison
 y - 3 scrolls of teleportation
 J - a scroll of brand weapon
Potions
 b - 2 potions of heal wounds
 c - 5 potions of ambrosia
 i - 2 potions of might
 k - 4 potions of curing
 p - 3 potions of haste
 s - 2 potions of cancellation
 t - 2 potions of mutation
 u - a potion of resistance
 w - 3 potions of invisibility


   Skills:
 + Level 10.6 Fighting
 + Level 13.1(15.3) Axes
 + Level 6.4(11.7) Polearms
 + Level 11.5(13.2) Armour
 + Level 9.7 Dodging
 + Level 4.5 Stealth


You had 10 spell levels left.
You didn't know any spells.
Your spell library contained the following spells:

 Spells                   Type           Power      Damage    Failure   Level
 Dazzling Flash           Conj/Hex       0%         N/A       100%        3
 Inner Flame              Hex/Fire       0%         N/A       100%        3
 Volatile Blastmotes      Fire/Tloc      0%         2d10      100%        3
 Flame Wave               Conj/Fire      0%         2d4       100%        4
 Leda's Liquefaction      Alch/Erth      0%         N/A       100%        4
 Sticky Flame             Fire/Alch      0%         2d4       100%        4
 Lee's Rapid Deconstruct  Erth           0%         3d4*      100%        5
 Bombard                  Conj/Erth      0%         9d1       100%        6
 Starburst                Conj/Fire      0%         6d3       100%        6
 Maxwell's Capacitive Co  Air            0%         ∞         100%        8


Dungeon Overview and Level Annotations

Branches:
Dungeon (11/15)            Temple (0/1) D:4             Orc (1/2) D:10
Ossuary (visited)
   Lair: D:8-11

Altars:
Ashenzari
Gozag
Kikubaaqudgha
Nemelex Xobeh
Okawaru
Qazlal
Trog
The Shining One


Innate Abilities, Weirdness & Mutations

You have a pair of horns on your head.
You reflexively headbutt those who attack you in melee.


Message History

You headbutt the two-headed ogre!
The two-headed ogre is moderately wounded.
You hit the two-headed ogre but do no damage.
You headbutt the two-headed ogre!
The two-headed ogre is heavily wounded.
The two-headed ogre hits you with a +0 giant club!
The two-headed ogre hits you with a +0 giant club.
You hit the two-headed ogre. You freeze the two-headed ogre.
You headbutt the two-headed ogre, but do no damage.
The two-headed ogre is severely wounded.
You hit the two-headed ogre. You freeze the two-headed ogre.
The two-headed ogre is severely wounded.
You slash the two-headed ogre! You freeze the two-headed ogre.
You kill the two-headed ogre!
A two-headed ogre comes into view.
It is wielding a +0 giant spiked club and a +0 giant club.
You hit the yak. You freeze the yak. You headbutt the yak!
The yak is moderately wounded.
You hit the yak. You freeze the yak.
The yak is heavily wounded.
The yak gores you.
You slash the yak! You freeze the yak.
The yak is almost dead.
You barely miss the yak. You headbutt the yak.
You kill the yak!
A slime creature comes into view.
Items here: )) ††.
The two-headed ogre attacks as it pursues you!
The two-headed ogre hits you with a +0 giant spiked club!
* * * LOW HITPOINT WARNING * * *
The two-headed ogre barely misses you.
You see here a killer bee corpse.
A boulder beetle comes into view.
The two-headed ogre barely misses you. The two-headed ogre misses you.
You see here a killer bee corpse.
You slash the two-headed ogre! You freeze the two-headed ogre.
The two-headed ogre is lightly wounded.
The two-headed ogre hits you with a +0 giant spiked club!
* * * LOW HITPOINT WARNING * * *
The two-headed ogre hits you with a +0 giant club!
You die...

.ß. .#..........
.ß ...........
.ß #.......... .
#..........
#B#..........
#.#..........
#.J........#
#O.<.....#
#@.......#
#........#
#..........
.............
#...#......$...
..^..#..........
#... #..........
.### #..........
...........


You could see a boulder beetle, a slime creature and a two-headed ogre.

Vanquished Creatures
  2 two-headed ogres
  The ghost of Echelon the Cleaver, a novice CoFi of Yredelemnul (D:7)
  The ghost of LobsterGuardian the Thaumaturge, a novice DsNe of Lugonu (D:7)
  The ghost of jboons the Skirmisher, a novice CoHs of Ashenzari (D:7)
  A cyclops (D:8)
  An orc sorcerer (D:10)
  A meliai (shapeshifter) (D:8)
  A gargoyle (D:8)
  4 trolls
  Grinder (D:3)
  Prince Ribbit (D:5)
  2 wyverns
  A wraith (D:11)
  14 yaks
  3 steam dragons
  An acid dragon (D:9)
  Duvessa (D:5)
  5 orc warriors
  3 ice beasts
  An ogre (D:7)
  4 centaurs
  A laughing skull (D:8)
  2 kobold brigands
  4 bullfrogs
  A gnoll sergeant (D:7)
  2 scorpions
  An elf skeleton (D:4)
  2 burial acolytes (Ossuary)
  6 wights (D:8)
  Dowan (D:5)
  2 killer bees (D:11)
  5 howler monkeys
  3 human zombies
  2 bombardier beetles
  A hound (D:5)
  2 orc priests (D:7)
  2 jellies
  3 human skeletons (D:4)
  7 orc wizards
  A sleepcap (D:8)
  3 iguanas
  3 mummies (Ossuary)
  5 gnolls (D:7)
  6 adders
  6 white imps
  2 ufetubi (D:5)
  4 dart slugs
  3 ribbon worms (D:2)
  27 orcs
  3 ball pythons
  7 bats
  8 endoplasms
  9 giant cockroaches
  10 hobgoblins
  3 jackals (D:4)
  17 kobolds
  6 quokkas
  3 frilled lizards
  7 goblins
  3 kobold zombies (Ossuary)
  4 orc zombies (Ossuary)
  4 rats
241 creatures vanquished.

Notes
Turn   | Place    | Note
-------+----------+-------------------------------------------
     0 | D:1      | Sabo the Minotaur Monk began the quest for the Orb.
     0 | D:1      | Reached XP level 1. HP: 19/19 MP: 0/0
   126 | D:1      | Found a faded altar of an unknown god.
   167 | D:1      | Reached XP level 2. HP: 27/27 MP: 1/1
   171 | D:1      | Reached skill level 4 in Axes
   765 | D:1      | Reached XP level 3. HP: 33/33 MP: 2/2
  1387 | D:2      | Reached skill level 1 in Armour
  1538 | D:3      | Reached XP level 4. HP: 40/40 MP: 3/3
  1837 | D:3      | Found a broken altar of Ashenzari.
  1923 | D:3      | Became a worshipper of Ashenzari the Shackled
  2230 | D:3      | Found a sparkling altar of Nemelex Xobeh.
  2405 | D:3      | Noticed Grinder
  2414 | D:3      | Killed Grinder
  2415 | D:3      | Reached skill level 6 in Axes
  2415 | D:3      | Reached XP level 5. HP: 19/47 MP: 4/4
  2415 | D:3      | Reached XP level 6. HP: 22/53 MP: 5/5
  3051 | D:4      | Found an opulent altar of Gozag.
  3119 | D:4      | Found a staircase to the Ecumenical Temple.
  3331 | D:4      | Found a sand-covered staircase.
  3342 | Ossuary  | Entered an ossuary
  3403 | Ossuary  | Reached skill level 5 in Fighting
  3508 | Ossuary  | Reached XP level 7. HP: 42/61 MP: 6/6
  3751 | D:4      | Reached skill level 7 in Axes
  3751 | D:4      | Reached skill level 5 in Armour
  4048 | D:4      | Noticed a yak
  4122 | D:4      | Killed a yak
  4123 | D:4      | Reached skill level 8 in Axes
  4526 | D:5      | Entered Level 5 of the Dungeon
  4760 | D:5      | Noticed a yak
  4760 | D:5      | Noticed a yak
  4761 | D:5      | Noticed a yak
  4761 | D:5      | Noticed a yak
  4761 | D:5      | Noticed a yak
  4770 | D:5      | Killed a yak
  4771 | D:5      | Reached skill level 5 in Dodging
  4771 | D:5      | Reached XP level 8. HP: 60/70 MP: 7/7
  4781 | D:5      | Reached skill level 1 in Stealth
  4786 | D:5      | Reached skill level 9 in Axes
  5195 | D:5      | Noticed Duvessa
  5195 | D:5      | Noticed Dowan
  5195 | D:5      | Noticed Prince Ribbit
  5201 | D:5      | Killed Duvessa
  5202 | D:5      | Reached skill level 10 in Axes
  5209 | D:5      | Killed Prince Ribbit
  5210 | D:5      | Reached XP level 9. HP: 76/78 MP: 8/8
  5226 | D:5      | Killed Dowan
  6182 | D:6      | Reached * piety under Ashenzari
  6405 | D:6      | Reached skill level 12 in Axes
  6405 | D:6      | Reached XP level 10. HP: 90/90 MP: 9/9
  6784 | D:7      | Found a runed translucent gate.
  6784 | D:7      | Found a runed translucent gate.
  6784 | D:7      | Found a runed translucent gate.
  6843 | D:7      | Noticed LobsterGuardian's ghost (novice DsNe)
  6843 | D:7      | Noticed Echelon's ghost (novice CoFi)
  6843 | D:7      | Noticed jboons's ghost (novice CoHs)
  6881 | D:7      | Killed Echelon's ghost
  6903 | D:7      | Killed jboons's ghost
  6934 | D:7      | Killed LobsterGuardian's ghost
  7683 | D:7      | Reached ** piety under Ashenzari
  7862 | D:8      | Reached XP level 11. HP: 97/97 MP: 10/10
  7902 | D:8      | Reached skill level 1 in Polearms
  8080 | D:8      | Found a glowing golden altar of the Shining One.
  8083 | D:8      | Found a stormy altar of Qazlal.
  8086 | D:8      | Found an iron altar of Okawaru.
  8089 | D:8      | Found an ancient bone altar of Kikubaaqudgha.
  8319 | D:8      | Reached skill level 13 in Axes
  8324 | D:8      | Reached skill level 10 in Armour
  8944 | D:9      | Reached skill level 10 in Fighting
  9283 | D:9      | Found a bloodstained altar of Trog.
  9390 | D:10     | Entered Level 10 of the Dungeon
  9698 | D:10     | Reached skill level 5 in Polearms
 10120 | D:10     | Found a staircase to the Orcish Mines.
 10246 | D:10     | Noticed a two-headed ogre
 10253 | D:10     | Killed a two-headed ogre
 10578 | Orc:1    | Entered Level 1 of the Orcish Mines
 10578 | Orc:1    | Noticed an orc sorcerer
 10588 | Orc:1    | Paralysed by an orc sorcerer for 5 turns
 10604 | D:10     | Killed an orc sorcerer
 10831 | D:11     | Noticed a two-headed ogre
 10841 | D:11     | Killed a two-headed ogre
 10841 | D:11     | Noticed a two-headed ogre
 10849 | D:11     | Noticed a boulder beetle
 10850 | D:11     | Slain by a two-headed ogre

Illustrated notes

Levels and vault maps discovered:
D:1:      psy_arrival_dodecagon, layout_loops_ring, basic_ecumenical_altar,
          chequers_mini_garden, nicolae_the_louvre
D:2:      layout_rooms, serial_curves, eino_curves_04, eino_curves_01,
          eino_curves_02, eino_curves_04
D:3:      layout_basic, mainiacjoe_overflow_alcove_4, evilmike_ruin_ashenzari,
          hangedman_glass_teeth, uniq_grinder
D:4:      minmay_chambers_of_fours, layout_cave_pools, grunt_gozag_statues,
          minmay_temple_entry_trees, nicolae_ossuary_entry_catacombs,
          supply_closet_lemuel
D:5:      layout_loops_corners, uniq_duvessa, uniq_prince_ribbit1
D:6:      layout_loops_ring
D:7:      layout_loops_corners, gammafunk_ghost_cemetery, minmay_manual_mess
D:8:      layout_cave_pools, grunt_temple_overflow_cloverleaf,
          nicolae_doodle_vault
D:9:      layout_cave_pools, nicolae_overflow_crystal_walls
D:10:     layout_roguey, david_orc_2, st_stairs_14
D:11:     minmay_the_grid_square_5x5_4x4_mashed
          [minmay_the_grid_square_5x5_eight_small,
          minmay_the_grid_square_5x5_two_walls_a,
          minmay_the_grid_square_5x5_spiral,
          minmay_the_grid_square_5x5_checkered_statues,
          minmay_the_grid_square_5x5_hourglass,
          minmay_the_grid_square_5x5_prize_open,
          minmay_the_grid_square_5x5_prize_monsterx,
          minmay_the_grid_square_5x5_bite, minmay_the_grid_square_5x5_percent,
          minmay_the_grid_square_5x5_prize_junk,
          minmay_the_grid_square_5x5_prize_open,
          minmay_the_grid_square_5x5_inset,
          minmay_the_grid_square_5x5_broken_cross,
          minmay_the_grid_square_5x5_seven, minmay_the_grid_square_5x5_longway,
          minmay_the_grid_square_5x5_n], layout_stronghold,
          erik_lair_orcish_takeover, uniq_erica
Orc:1:    layout_caves, basic_altar, minmay_orc_temple_b

Skill      XL: |  1  2  3  4  5  6  7  8  9 10 11 |
---------------+----------------------------------+-----
Axes           | 4 6 8 10 12 13 | 13.1
Fighting       | 4 5 6 8 9 10 | 10.6
Dodging        | 4 5 9 |  9.7
Armour         | 1 3 4 5 7 9 11 | 11.5
Stealth        | 1 4 |  4.5
Polearms       | 6 |  6.4

Action                     |  1- 3 |  4- 6 |  7- 9 | 10-12 || total
---------------------------+-------+-------+-------+-------++-------
  Melee: Hand axe          |    85 |   106 |   188 |   160 ||   539
         Headbutt          |     8 |    27 |    58 |   111 ||   204
         Spear             |       |       |       |   200 ||   200
 Invoke: Curse Item        |       |       |     2 |     1 ||     3
    Use: Scroll            |       |     4 |     7 |       ||    11
         Potion            |       |       |     1 |     3 ||     4
 Armour: Robe              |     3 |       |       |       ||     3
         Ring mail         |    38 |    70 |    81 |       ||   189
         Skin              |     2 |       |       |       ||     2
         Scale mail        |       |       |    15 |    41 ||    56
         Chain mail        |       |       |       |    86 ||    86
         Plate armour      |       |       |       |   182 ||   182
  Dodge: Dodged            |    53 |    49 |    65 |   208 ||   375

Table legend: (Time is in decaauts)
 A = Elapsed time spent in this place.
 B = Non-inter-level travel time spent in this place.
 C = Inter-level travel time spent in this place.
 D = Time resting spent in this place.
 E = Time spent auto-exploring this place.
 F = Levels seen in this place.
 G = Mean time per level.
                   A        B        C        D        E       F      G
               +--------+--------+--------+--------+--------+-----+--------+
         Total |  10691 |  10691 |      0 |   2134 |      0 |  13 |  822.4 |
       Dungeon |  10298 |  10298 |      0 |   1999 |      0 |  11 |  936.2 |
  Orcish Mines |     14 |     14 |      0 |      0 |      0 |   1 |   14.0 |
       Ossuary |    377 |    377 |      0 |    135 |      0 |   1 |  377.0 |
               +--------+--------+--------+--------+--------+-----+--------+

Top non-repeatable levels by time:
     D:3: 1589 daAuts
    D:10: 1370 daAuts
     D:7: 1337 daAuts
     D:4: 1100 daAuts
     D:5: 1048 daAuts
     D:8: 998 daAuts
     D:1: 855 daAuts
     D:6: 811 daAuts
     D:2: 606 daAuts
     D:9: 554 daAuts
 Ossuary: 377 daAuts
    D:11: 28 daAuts
   Orc:1: 14 daAuts
